 Dungeon Crawl Stone Soup version 0.29.1-1-gd02db6906a (webtiles) character file.

Game seed: 11683347902957600269

8682 anonymouscript the Thaumaturge (level 11, 0/74 HPs)
             Began as a Djinni Fire Elementalist on Oct 3, 2022.
             Was an Elder of Makhleb.
             Shot with an arrow by a centaur (7 damage)
             ... on level 2 of the Orcish Mines.
             The game lasted 00:50:25 (11777 turns).

anonymouscript the Thaumaturge (DjFE)              Turns: 11777, Time: 00:50:26

Health: 0/74       AC:  5    Str:  7    XL:     11   Next: 60%
Gold:   1011       EV: 13    Int: 23    God:    Makhleb [****..] SH:  0 Dex: 18

rFire   + + .      SeeInvis .   g - +0 rapier
rCold   x . .      Faith    .   (no shield)
rNeg    . . .      Spirit   .   R - +0 troll leather armour
rPois   ∞          Reflect  .   (no helmet)
rElec   .          Harm     .   (no cloak)
rCorr   .          Rampage  .   w - +0 pair of gloves
Will    +....                   (boots unavailable)
Stlth   +++.......              (no amulet)
HPRegen 1.02/turn               n - +6 ring of intelligence
MPRegen 0.00/turn               q - +4 ring of slaying

@: about to teleport, flying
A: sickness immunity, fire resistance 2, cold vulnerability 1, float, innate
caster, HP casting, extra vitality 1
a: Renounce Religion, Minor Destruction, Lesser Servant of Makhleb, Major
Destruction


You were on level 2 of the Orcish Mines.
You worshipped Makhleb.
Makhleb was greatly pleased with you.
You visited 3 branches of the dungeon, and saw 13 of its levels.

You collected 1011 gold pieces.

Inventory:

Hand Weapons
 f - a +0 short sword
 g - a +0 rapier (weapon)
 z - a +1 short sword of protection
 G - a +0 scythe of flaming
 L - a +3 dagger
Missiles
 d - a throwing net
 y - 13 poisoned darts
 B - 11 boomerangs
 P - 6 silver javelins
Armour
 a - a +0 robe
 w - a +0 pair of gloves (worn)
 E - a +2 robe of fire resistance
 N - a +4 scale mail
 R - a +0 troll leather armour (worn)
Jewellery
 h - a ring of resist corrosion
 n - a +6 ring of intelligence (left hand)
 q - a +4 ring of slaying (right hand)
Wands
 s - a wand of digging (6)
 x - a wand of flame (29)
 M - a wand of iceblast (13)
 O - a wand of mindburst (3)
 Q - a wand of charming (3)
Scrolls
 b - 2 scrolls of brand weapon {unknown}
 c - 2 scrolls of vulnerability {unknown}
 i - 2 scrolls of poison
 j - a scroll of teleportation
 m - a scroll of amnesia {unknown}
 o - 2 scrolls of magic mapping
 p - a scroll of butterflies
 t - a scroll of fear {unknown}
 u - 2 scrolls of blinking {unknown}
 A - a scroll of acquirement {unknown}
 C - a scroll of immolation
 D - a scroll of enchant weapon {unknown}
 H - 4 scrolls of enchant armour {unknown}
Potions
 e - 2 potions of brilliance {unknown}
 k - 2 potions of magic
 l - 6 potions of flight
 r - 2 potions of ambrosia
 F - 2 potions of curing
 I - 3 potions of might
 J - a potion of resistance {unknown}
 K - a potion of invisibility {unknown}


   Skills:
 * Level 4.3 Fighting
 + Level 1.5 Short Blades
 + Level 3.9 Dodging
 - Level 4.1 Stealth
 + Level 12.4 Spellcasting


You had 9 spell levels left.
You knew the following spells:

 Your Spells              Type           Power      Damage    Failure   Level
a - Foxfire               Conj/Fire      100%       2x1d9     1%          1
b - Scorch                Fire           100%       2d10      1%          2
c - Conjure Flame         Conj/Fire      64%        6-21      1%          3
d - Inner Flame           Hex/Fire       64%        N/A       1%          3
e - Flame Wave            Conj/Fire      64%        2d15      1%          4
f - Freeze                Ice            100%       1d11      1%          1
g - Poisonous Vapours     Pois/Air       100%       N/A       1%          2
h - Call Imp              Summ           64%        N/A       1%          2
i - Spider Form           Tmut/Pois      64%        N/A       1%          3
j - Animate Dead          Necr           64%        N/A       1%          4
Your spell library was empty.

Dungeon Overview and Level Annotations

Branches:
Dungeon (10/15)            Temple (1/1) D:6             Orc (2/2) D:10
    Elf (0/3) Orc:2
   Lair: D:8-11

Altars:
Ashenzari
Cheibriados
Dithmenos
Elyvilon
Fedhas
Gozag
Hepliaklqana
Makhleb
Nemelex Xobeh
Okawaru
Qazlal
Ru
Trog
Uskayaw
Wu Jian
Xom
Yredelemnul
Zin
The Shining One

Shops:
D:2 (


Innate Abilities, Weirdness & Mutations

You are immune to sickness and miasma.
You are immune to poison.
Your flesh is very heat resistant. (rF++)
You are vulnerable to cold. (rC-)
You float through the air rather than walking.
You learn spells naturally, not from books.
Your magical power is your life essence.
You have superior vitality. (+4 MHP)


Message History

The orc warrior is engulfed in blazing flames.
Flame seeps out of the orc warrior.
The orc warrior shoots a bolt.
The bolt barely misses you.
The centaur shoots an arrow.
The arrow hits you!
* * * LOW HITPOINT WARNING * * *
You feel much better.
The orc warrior shoots a bolt.
The bolt hits you!
* * * LOW HITPOINT WARNING * * *
The orc warrior is engulfed in blazing flames.
Flame seeps out of the orc warrior.
The orc warrior shoots a bolt.
The bolt hits you!
* * * LOW HITPOINT WARNING * * *
Okay, then.
As you read the scroll of butterflies, it crumbles to dust.
You hear the tinkle of a tiny bell.
The centaur shouts!
Flame seeps out of the orc warrior.
The orc warrior is engulfed in blazing flames.
Makhleb accepts your kill.
The orc warrior explodes!
The centaur unwields a +0 shortbow.
The centaur misses your butterfly. The centaur kicks your butterfly.
Your butterfly dies!
Your butterfly disappears in a burst of colours!
You hear a shout!
As you read the scroll of teleportation, it crumbles to dust.
You feel strangely unstable. The centaur hits your butterfly.
Your butterfly dies!
Your butterfly disappears in a burst of colours!
Your butterfly is engulfed in blazing flames.
You kill your butterfly!
Your butterfly disappears in a burst of colours!
As you read the scroll labelled ZEMPERUAFI, it crumbles to dust.
You feel aware of your surroundings.
You sensed 4 shops/portals.
It was a scroll of magic mapping.
The centaur barely misses your butterfly.
The centaur kicks your butterfly.
Your butterfly dies!
Your butterfly disappears in a burst of colours!
The centaur wields a +0 shortbow.
The centaur shoots an arrow.
The arrow hits you!
You die...

....# ### ...## ....## #....#
.))))### .....#.##
........##################*******
o...o..#)...○○..b.....§§..,,,,,,,
o....##..).o°).b@bb.b..)..,,,,,,,
##...#...##.b##.b##...###.,,**,,*
#.......##....ccb...≈≈# *~~,,,,,,
.....#..#.......bb.≈≈≈# *~~~,,,,,
.......)..)....o.≈≈≈≈##***~~~~,,,
........#......≈≈≈≈###*∩****~~~~,
........#.....≈≈≈≈##**,,,****~~~~
oo.................,,,,∩,,,,,,,,,
.........,....,,,,,,,,,∩,,,,,,,,,


You could see 2 orc warriors and 2 centaurs.

Vanquished Creatures
  An orc knight (Orc:2)
  Pikel (D:5)
  Maggie (D:7)
  A troll (Orc:1)
  Prince Ribbit (D:7)
  Sigmund (D:6)
  2 shadows (D:10)
  A wraith (D:10)
  A steam dragon (D:7)
  Grum (D:8)
  A two-headed ogre zombie (D:10)
  2 wargs (Orc:1)
  Duvessa (D:5)
  A water moccasin (D:8)
  15 orc warriors
  3 sky beasts
  An ice beast (D:5)
  3 ogres
  A black bear (D:5)
  2 wolves (D:8)
  8 centaurs
  A phantom (D:6)
  2 kobold brigands
  2 scorpions
  2 necrophages (D:6)
  9 wights (D:8)
  Dowan (D:5)
  2 troll zombies (D:10)
  6 killer bees (D:7)
  6 howler monkeys
  A jelly (D:4)
  9 orc priests
  5 hounds
  A gnoll bouda (D:9)
  An iguana (D:6)
  13 orc wizards
  5 ogre zombies (D:10)
  8 gnolls
  9 adders
  A white imp (D:7)
  A worm (D:4)
  2 dart slugs
  31 orcs
  A ball python (D:4)
  7 bats
  7 endoplasms
  5 giant cockroaches
  6 goblins
  6 hobgoblins
  4 quokkas
  A frilled lizard (D:1)
  2 goblin skeletons (D:10)
  3 hobgoblin skeletons (D:10)
  2 hobgoblin zombies (D:10)
  18 kobolds
  17 orc zombies (D:10)
  3 rats
249 creatures vanquished.

Vanquished Creatures (collateral kills)
  A howler monkey (D:9)
  A gnoll (D:9)
  A goblin zombie (D:10)
3 creatures vanquished.

Vanquished Creatures (others)
  429 foxfires
  8 plants (D:7)
437 creatures vanquished.

Grand Total: 689 creatures vanquished

Notes
Turn   | Place    | Note
-------+----------+-------------------------------------------
     0 | D:1      | anonymouscript the Djinni Fire Elementalist began the quest
                  | for the Orb.
     0 | D:1      | anonymouscript set off with the following spells memorised:
                  | Foxfire, Scorch, Conjure Flame, Inner Flame, Flame Wave.
     0 | D:1      | Reached XP level 1. HP: 15/15 MP: 0/0
   367 | D:1      | Reached XP level 2. HP: 18/21 MP: 0/0
   878 | D:2      | Reached skill level 3 in Spellcasting
  1077 | D:2      | Found Vieran's Antique Weapon Emporium.
  1088 | D:2      | Reached XP level 3. HP: 23/25 MP: 0/0
  1088 | D:2      | Learned a level 1 spell: Freeze
  1462 | D:2      | Reached XP level 4. HP: 27/31 MP: 0/0
  2455 | D:4      | Noticed a scorpion
  2463 | D:4      | Reached skill level 4 in Spellcasting
  2469 | D:4      | Killed a scorpion
  2470 | D:4      | Reached XP level 5. HP: 7/35 MP: 0/0
  2470 | D:4      | Learned a level 2 spell: Poisonous Vapours
  2868 | D:4      | Found a shadowy altar of Dithmenos.
  3011 | D:4      | Reached XP level 6. HP: 33/40 MP: 0/0
  3141 | D:4      | Reached skill level 5 in Spellcasting
  3400 | D:5      | Entered Level 5 of the Dungeon
  3421 | D:5      | Noticed Pikel
  3447 | D:5      | Killed Pikel
  3448 | D:5      | Reached skill level 6 in Spellcasting
  3448 | D:5      | Reached XP level 7. HP: 27/46 MP: 0/0
  3448 | D:5      | Learned a level 2 spell: Call Imp
  3710 | D:5      | Noticed Duvessa
  3719 | D:5      | Killed Duvessa
  3720 | D:5      | Reached XP level 8. HP: 30/51 MP: 0/0
  3720 | D:5      | Noticed Dowan
  3730 | D:5      | Killed Dowan
  3731 | D:5      | Reached skill level 1 in Fighting
  3974 | D:5      | Reached skill level 7 in Spellcasting
  4067 | D:5      | Reached skill level 1 in Short Blades
  5162 | D:6      | Reached XP level 9. HP: 31/57 MP: 0/0
  5162 | D:6      | Learned a level 3 spell: Spider Form
  5169 | D:6      | Noticed Sigmund
  5335 | D:6      | Killed Sigmund
  5336 | D:6      | Reached skill level 8 in Spellcasting
  5700 | D:6      | Found a staircase to the Ecumenical Temple.
  5707 | Temple   | Entered the Ecumenical Temple
  5707 | Temple   | Found a transporter.
  5707 | Temple   | Found a transporter.
  5709 | Temple   | Found a transporter.
  5709 | Temple   | Found a transporter.
  5798 | Temple   | Became a worshipper of Makhleb the Destroyer
  6144 | D:7      | Noticed Maggie
  6149 | D:7      | Killed Maggie
  6150 | D:7      | Reached skill level 9 in Spellcasting
  6889 | D:7      | Reached XP level 10. HP: 43/63 MP: 0/0
  6890 | D:7      | Reached * piety under Makhleb
  7105 | D:7      | Noticed Prince Ribbit
  7110 | D:7      | Killed Prince Ribbit
  7256 | D:8      | Reached skill level 10 in Spellcasting
  7529 | D:8      | Noticed Grum
  8330 | D:8      | Killed Grum
  8451 | D:8      | Reached skill level 11 in Spellcasting
  8634 | D:8      | Found a bloodstained altar of Trog.
  8762 | D:8      | Reached ** piety under Makhleb
  8950 | D:9      | Identified the +2 war axe of the Pits of Slime {chaos, Fly
                  | rC+ Str+2}
  9798 | D:10     | Entered Level 10 of the Dungeon
  9821 | D:10     | Reached XP level 11. HP: 58/68 MP: 0/0
  9821 | D:10     | Learned a level 4 spell: Animate Dead
  9826 | D:10     | Reached *** piety under Makhleb
 10252 | D:10     | Found a staircase to the Orcish Mines.
 10427 | Orc:1    | Entered Level 1 of the Orcish Mines
 10636 | Orc:2    | Entered Level 2 of the Orcish Mines
 11126 | Orc:2    | Found a staircase to the Elven Halls.
 11194 | Orc:2    | Reached skill level 12 in Spellcasting
 11198 | Orc:2    | Noticed an orc knight
 11680 | Orc:2    | Killed an orc knight
 11684 | Orc:2    | Reached **** piety under Makhleb
 11777 | Orc:2    | Shot with an arrow by a centaur

Illustrated notes

Levels and vault maps discovered:
D:1:      dpeg_arrival_simpleton_b, layout_rooms, st_stairs_13
D:2:      layout_basic, serial_shops, shop
D:3:      layout_rooms, serial_rivers, chequers_serial_rivers_small_3,
          chequers_serial_rivers_large_a, chequers_serial_rivers_small_3,
          chequers_serial_rivers_micro_c, chequers_serial_rivers_small_a,
          chequers_serial_rivers_micro_d
D:4:      layout_gridville, nicolae_dithmenos_through_a_glass_darkly,
          mrwooster_statue_mirror, chequers_serial_rivers_micro_b
D:5:      layout_layer_cave, uniq_pikel, uniq_duvessa
D:6:      layout_rooms, minmay_temple_entry_proselytizer, uniq_sigmund
D:7:      layout_loops_cross, serial_bayou_lagoon_a, chequers_jeans,
          uniq_prince_ribbit1, uniq_maggie
D:8:      layout_gridville, mainiacjoe_overflow_large_starburst,
          minmay_splitting_lines, uniq_grum
D:9:      layout_basic
D:10:     layout_basic, zombieorc2_lemuel
Temple:   hellmonk_temple_divided_pantheon
Orc:1:    layout_diamond_mine, basic_altar
Orc:2:    st_orc_rangers, layout_diamond_mine

Skill      XL: |  1  2  3  4  5  6  7  8  9 10 11 |
---------------+----------------------------------+-----
Spellcasting   | 3 4 6 7 9 11 12 | 12.4
Stealth        | 2 3 4 |  4.1
Fighting       | 1 2 4 |  4.3
Short Blades   | 1 |  1.5
Dodging        | 3 |  3.9

Action                   |  1- 3 |  4- 6 |  7- 9 | 10-12 || total
-------------------------+-------+-------+-------+-------++-------
Melee: Unarmed           |     1 |       |       |       ||     1
       Rapier            |       |     2 |     3 |     7 ||    12
 Cast: Foxfire           |    43 |    82 |    43 |    85 ||   253
       Scorch            |     7 |    11 |    46 |    73 ||   137
       Conjure Flame     |       |     4 |     2 |     5 ||    11
       Poisonous Vapours |       |     2 |    10 |    21 ||    33
       Inner Flame       |       |       |    18 |    59 ||    77
       Call Imp          |       |       |     4 |    15 ||    19
       Flame Wave        |       |       |     1 |     5 ||     6
       Animate Dead      |       |       |       |     2 ||     2
Evoke: Wand              |       |       |       |     1 ||     1
  Use: Scroll            |       |       |     1 |    18 ||    19
       Potion            |       |       |       |     5 ||     5
Armor: Robe              |       |     5 |     4 |     8 ||    17
       Troll leather arm |       |       |       |     1 ||     1
Dodge: Dodged            |    10 |     5 |    10 |    54 ||    79
